 Dungeon Sprint DCSS version 0.20-a0-555-gf6ae02d (webtiles) character file.

399 Gingerlord the Covered (level 6, 0/55 HPs)
             Began as a Barachian Fighter on Feb 4, 2017.
             Was a Follower of Makhleb.
             Slain by a troll (1 damage)
             ... in the Dungeon (Sprint IX: "|||||||||||||||||||||||||||||").
             The game lasted 00:01:33 (476 turns).

Gingerlord the Covered (Barachian Fighter)           Turns: 476, Time: 00:01:34

Health: 0/55       AC: 14    Str: 16    XL:     6   Next: 84%
Magic:  8/8        EV:  7    Int: 13    God:    Makhleb [*.....]
Gold:   0          SH: 10    Dex: 10    Spells: 5/5 levels left

rFire    . . .     SeeInvis .   o - +2 scimitar (elec)
rCold    . . .     Gourm    .   r - +1 chain mail
rNeg     . . .     Faith    .   c - +0 shield
rPois    .         Spirit   .   (no helmet)
rElec    .         Reflect  .   q - +0 cloak
rCorr    .         Harm     .   p - +0 pair of gloves
MR       .....     NoTele   +   (no boots)
Stlth    ..........             (no amulet)
Regen    0.2/turn               t - +3 ring of intelligence
                                s - +3 ring of intelligence

@: slow
A: swims, slowness 1, strong legs 1
a: Hop, Renounce Religion


You were in the Dungeon.
You worshipped Makhleb.
Makhleb was aware of your devotion.
You were not hungry.

You visited 1 branch

Inventory:

Hand Weapons
 a - a +0 long sword
 o - a +2 scimitar of electrocution (weapon)
Armour
 c - a +0 shield (worn)
 p - a +0 pair of gloves (worn)
 q - a +0 cloak (worn)
 r - a +1 chain mail (worn)
Jewellery
 s - a +3 ring of intelligence (left hand)
 t - a +3 ring of intelligence (right hand)
Wands
 n - a wand of lightning (7/15)
Scrolls
 k - 2 scrolls of blinking
 l - 3 scrolls of remove curse
 m - 2 scrolls of amnesia
Potions
 d - a potion of invisibility
 e - 5 potions of curing
 g - 3 potions of heal wounds
 h - a potion of haste
 i - 4 potions of magic
 j - a potion of berserk rage
Comestibles
 f - a bread ration


   Skills:
 + Level 7.6 Fighting
 + Level 7.0 Long Blades
 + Level 7.6 Armour
 + Level 5.9 Dodging
 + Level 6.8 Shields
 + Level 3.1 Invocations


You had 5 spell levels left.
You didn't know any spells.

Dungeon Overview and Level Annotations

Branches:
Dungeon (1/1)

Altars:
Cheibriados
Dithmenos
Elyvilon
Fedhas
Gozag
Hepliaklqana
Kikubaaqudgha
Makhleb
Nemelex Xobeh
Okawaru
Qazlal
Ru
Sif Muna
Trog
Uskayaw
Vehumet
Xom
Yredelemnul
Zin
The Shining One
Beogh
Jiyva
Lugonu


Innate Abilities, Weirdness & Mutations

You can swim through water.
You cover ground slowly.
You can hop short distances.


Message History

Your chain mail prevents you from hitting the troll.
The troll bites you. You block the troll's attack. x2
You closely miss the troll. The troll bites you! You block the troll's attack.
The troll claws you but does no damage.
You slash the troll!
The troll is lightly wounded.
The troll bites you!
* * * LOW HITPOINT WARNING * * *
The troll claws you but does no damage. You block the troll's attack.
Things that are here:
an arrow; a +0 scale mail You block the troll's attack. x3
Items here: ))))) a +4 quarterstaff of speed; a +2 halberd of venom; a +2 morningstar of crushing a +1 broad axe of chopping; a +2 rapier of distortion You see here an uncursed staff of energy.
The troll bites you!
* * * LOW HITPOINT WARNING * * *
The troll claws you but does no damage. The troll claws you.
You die...

▓_▓
▓_▓
▓_▓
▓_▓
▓_▓
▓.▓
▓'▓
▓.▓
▓@▓
▓T▓
▓Z▓
▓.▓
▓o▓
▓.▓
▓.▓
▓(▓
▓'▓


You could see a troll, an orc and a bat zombie.

Vanquished Creatures
  A hippogriff (D)
  A centaur (D)
  A scorpion (D)
  A howler monkey (D)
  A crimson imp (D)
  An iguana (D)
  An adder (D)
  An orc (D)
  A bat (D)
  2 frilled lizards (D)
  2 rats (D)
13 creatures vanquished.

Notes
Turn   | Place    | Note
-------+----------+-------------------------------------------
     0 | D        | Gingerlord the Barachian Fighter began the quest for the Orb.
     0 | D        | Reached XP level 1. HP: 18/18 MP: 1/1
    34 | D        | Noticed an iguana
    34 | D        | Noticed a crimson imp
    34 | D        | Noticed a scorpion
    44 | D        | Killed an iguana
    44 | D        | Reached XP level 2. HP: 9/26 MP: 2/2
    44 | D        | Reached XP level 3. HP: 11/31 MP: 3/3
    49 | D        | Reached skill level 5 in Fighting
    49 | D        | Reached skill level 5 in Armour
    49 | D        | Reached XP level 4. HP: 12/39 MP: 4/4
    57 | D        | Reached skill level 5 in Long Blades
    57 | D        | Reached skill level 5 in Shields
    57 | D        | Reached XP level 5. HP: 7/46 MP: 5/5
   360 | D        | Found a roughly hewn altar of Beogh.
   360 | D        | Found a snail-covered altar of Cheibriados.
   360 | D        | Found a shadowy altar of Dithmenos.
   360 | D        | Found a white marble altar of Elyvilon.
   360 | D        | Found a blossoming altar of Fedhas.
   360 | D        | Found an opulent altar of Gozag.
   361 | D        | Found a hazy altar of Hepliaklqana.
   362 | D        | Found a viscous altar of Jiyva.
   363 | D        | Found an ancient bone altar of Kikubaaqudgha.
   364 | D        | Found a corrupted altar of Lugonu.
   365 | D        | Found a burning altar of Makhleb.
   366 | D        | Found a sparkling altar of Nemelex Xobeh.
   367 | D        | Found an iron altar of Okawaru.
   368 | D        | Found a stormy altar of Qazlal.
   369 | D        | Found a sacrificial altar of Ru.
   370 | D        | Found a deep blue altar of Sif Muna.
   371 | D        | Found a bloodstained altar of Trog.
   372 | D        | Found a hide-covered altar of Uskayaw.
   373 | D        | Found a radiant altar of Vehumet.
   374 | D        | Found a shimmering altar of Xom.
   375 | D        | Found a basalt altar of Yredelemnul.
   376 | D        | Found a glowing silver altar of Zin.
   377 | D        | Found a glowing golden altar of the Shining One.
   387 | D        | Became a worshipper of Makhleb the Destroyer
   445 | D        | Noticed a centaur
   445 | D        | Noticed a hippogriff
   445 | D        | Noticed a troll
   451 | D        | Killed a centaur
   451 | D        | Reached skill level 5 in Dodging
   451 | D        | Reached XP level 6. HP: 48/53 MP: 6/6
   457 | D        | Killed a hippogriff
   457 | D        | Reached * piety under Makhleb
   476 | D        | HP: 1/55 [troll (9)]
   476 | D        | Slain by a troll

Vault maps used:
D:        linesprint

Skill      XL: |  1  2  3  4  5  6 |
---------------+-------------------+-----
Fighting       | 4 5 6 7 |  7.6
Long Blades    | 3 4 5 6 7 |  7.0
Armour         | 4 5 6 7 |  7.6
Dodging        | 2 3 5 |  5.9
Shields        | 4 5 6 |  6.8
Invocations    | 3 |  3.1

Action                   |  1- 3 |  4- 6 || total
-------------------------+-------+-------++-------
Melee: Long sword        |    37 |     8 ||    45
       Scimitar          |       |    22 ||    22
  Use: Potion            |     1 |       ||     1
Armor: Scale mail        |    17 |     1 ||    18
       Chain mail        |       |    18 ||    18
Dodge: Dodged            |    12 |    16 ||    28
Block: Shield            |    20 |    23 ||    43
       Rpst.: Long sword |     4 |       ||     4
       Scimitar          |       |     2 ||     2
